 Dungeon Crawl Stone Soup version 0.26.1-10-gdfb7c7de75 (webtiles) character file.

Game seed: 1319966306801936195

10570 phalm the Blocker (level 11, -3/62 HPs)
             Began as a Gargoyle Fighter on Apr 10, 2021.
             Was an Elder of Okawaru.
             Slain by a cane toad (4 damage)
             ... on level 1 of the Lair of Beasts.
             The game lasted 00:18:20 (9674 turns).

phalm the Blocker (Gargoyle Fighter)                Turns: 9674, Time: 00:18:21

Health: -3/62      AC: 21    Str: 20    XL:     11   Next: 64%
Magic:  14/14      EV:  8    Int: 10    God:    Okawaru [****..]
Gold:   569        SH:  0    Dex:  9    Spells: 10/10 levels left

rFire    . . .     SeeInvis .   p - +4 quarterstaff (chaos)
rCold    . . .     Faith    .   (shield currently unavailable)
rNeg     + . .     Spirit   .   y - +0 chain mail
rPois    ∞         Reflect  .   (helmet restricted)
rElec    +         Harm     .   q - +0 cloak
rCorr    .         Rampage  .   (no gloves)
Will     .....                  z - +0 pair of boots
Stlth    ..........             (no amulet)
HPRegen  0.20/turn              l - ring of stealth
MPRegen  0.14/turn              (no ring)

@: studying Unarmed Combat
A: beak, frail 1, negative energy resistance 1, electricity resistance, weak 1,
unbreathing, petrification resistance, miasma immunity, MP-powered wands, AC +8
a: Renounce Religion, Heroism


You were on level 1 of the Lair of Beasts.
You worshipped Okawaru.
Okawaru was greatly pleased with you.
You visited 3 branches of the dungeon, and saw 12 of its levels.

You collected 569 gold pieces.

Inventory:

Hand Weapons
 p - a +4 quarterstaff of chaos (weapon)
 B - a +2 whip of flaming
Armour
 c - a +0 kite shield
 q - a +0 cloak (worn)
 y - a +0 chain mail (worn)
 z - a +0 pair of boots (worn)
 G - a +0 buckler
 L - the +3 helmet of the Silversmith {rN+}
   (You found it on level 8 of the Dungeon)

   It protects you from negative energy.
Jewellery
 l - a ring of stealth (left hand)
Wands
 s - a wand of enslavement (9)
 x - a wand of digging (13)
 C - a wand of disintegration (13)
 E - a wand of random effects (50)
 M - a wand of flame (43)
Scrolls
 b - 3 scrolls of enchant weapon
 k - 5 scrolls of blinking
 n - 3 scrolls of random uselessness {unknown}
 o - 4 scrolls of remove curse
 t - 7 scrolls of teleportation
 u - a scroll of enchant armour {unknown}
 v - 4 scrolls of magic mapping
 w - 3 scrolls of amnesia {unknown}
 D - a scroll of fog {unknown}
 F - a scroll of vulnerability {unknown}
 J - a scroll of immolation {unknown}
 K - a scroll of fear {unknown}
Potions
 a - 2 potions of degeneration {unknown}
 d - a potion of flight {unknown}
 e - 3 potions of lignification
 f - a potion of heal wounds {unknown}
 h - 5 potions of attraction
 i - a potion of brilliance {unknown}
 m - 2 potions of ambrosia {unknown}
 r - 6 potions of curing
 A - 2 potions of cancellation {unknown}
 H - a potion of haste {unknown}
Books
 N - a manual of Unarmed Combat


   Skills:
 + Level 8.5 Fighting
 - Level 3.2(7.1) Maces & Flails
 * Level 9.8(10.1) Staves
 + Level 8.5 Armour
 * Level 11.4 Shields
 + Level 4.4 Invocations


You had 10 spell levels left.
You didn't know any spells.
Your spell library contained the following spells:

 Spells                   Type           Power        Failure   Level
 Beastly Appendage        Tmut           0%           96%         1
 Sandblast                Erth           0%           96%         1
 Summon Small Mammal      Summ           0%           96%         1
 Call Imp                 Summ           0%           99%         2
 Passwall                 Tmut/Erth      0%           99%         2
 Wereblood                Tmut           0%           99%         2
 Call Canine Familiar     Summ           0%           100%        3
 Spider Form              Tmut/Pois      0%           100%        3
 Stone Arrow              Conj/Erth      0%           100%        3
 Summon Guardian Golem    Hex/Summ       0%           100%        3
 Ice Form                 Ice/Tmut       0%           100%        4
 Petrify                  Tmut/Erth      0%           100%        4
 Summon Ice Beast         Ice/Summ       0%           100%        4
 Summon Lightning Spire   Summ/Air       0%           100%        4
 Blade Hands              Tmut           0%           100%        5
 Lee's Rapid Deconstruct  Erth           0%           100%        5


Dungeon Overview and Level Annotations

Branches:
Dungeon (10/15)            Temple (1/1) D:5            Lair (1/6) D:9
    Orc: D:9-12

Altars:
Ashenzari
Cheibriados
Dithmenos
Elyvilon
Fedhas
Gozag
Hepliaklqana
Kikubaaqudgha
Makhleb
Nemelex Xobeh
Okawaru
Qazlal
Ru
Sif Muna
Trog
Uskayaw
Vehumet
Wu Jian
Xom
Yredelemnul
Zin
The Shining One

Shops:
D:5 *[   D:8 !   D:10 :


Innate Abilities, Weirdness & Mutations

You are resistant to torment.
Your stone body is resilient. (AC +8)
You are immune to poison.
You resist negative energy. (rN+)
You are resistant to electric shocks. (rElec)
You can survive without breathing.
You are immune to petrification.
You are immune to miasma.
You have a beak for a mouth.
You are frail. (-10% HP)
You are weak. (Str -2)
You expend magic power (3 MP) to strengthen your wands.


Message History

The water moccasin bites you but does no damage.
You sock the cane toad! Your peck misses the cane toad.
The cane toad is almost dead.
The cane toad stings you.
* * * LOW HITPOINT WARNING * * *
The water moccasin bites you.
* * * LOW HITPOINT WARNING * * *
You sock the water moccasin! You drain the water moccasin.
The water moccasin is severely wounded.
The cane toad stings you but does no damage.
The cane toad closely misses you.
The water moccasin bites you but does no damage.
The cane toad closely misses you.
You hear a loud, deep croak!
You see here a steel ring.
The water moccasin bites you.
* * * LOW HITPOINT WARNING * * *
There is a staircase back to the Dungeon here.
The cane toad stings you.
You die...

.. .... ....
..... ....#
+.....
.....######......
.................
.........†.......
.................
........S........
.......@F........
.....#.#####.....
.... #. ..... ...
.. .... ##. ...
.. ... #. ##


You could see a cane toad (berserk, drained) and a water moccasin (drained).

Vanquished Creatures
  Erolcha (D:9)
  A boulder beetle (D:10)
  A two-headed ogre (D:9)
  Sonja (D:10)
  Pikel (D:5)
  2 ugly things (D:8)
  Joseph (D:9)
  A cane toad (Lair:1)
  2 trolls (D:10)
  Grinder (D:5)
  5 yaks (D:9)
  A wyvern (Lair:1)
  Grum (D:8)
  A water moccasin (D:7)
  Duvessa (D:7)
  3 sky beasts
  4 black bears
  2 phantoms
  4 ogres
  A necrophage (D:7)
  2 wolves (D:8)
  2 centaurs (D:10)
  6 bullfrogs
  A big kobold (D:9)
  A gnoll sergeant (D:9)
  A wyvern zombie (D:7)
  Dowan (D:7)
  3 scorpions
  6 killer bees (D:7)
  7 wights (D:10)
  3 howler monkeys
  5 hounds
  3 jellies
  2 bullfrog zombies
  4 orc priests
  3 iguanas
  5 orc wizards
  Crazy Yiuf (D:2)
  3 bullfrog skeletons
  Ijyb (D:5)
  8 worker ants
  2 human simulacra (D:9)
  3 hound skeletons
  A howler monkey zombie (D:5)
  Robin (D:3)
  3 gnolls (D:9)
  11 adders
  4 shadow imps
  3 white imps
  2 ufetubi
  An ooze (D:5)
  An adder zombie (D:6)
  2 adder skeletons
  2 worms
  3 dart slugs
  5 leopard geckos
  17 orcs
  9 giant cockroaches
  16 goblins
  10 hobgoblins
  4 quokkas
  5 bats
  2 frilled lizards
  10 kobolds
  A leopard gecko skeleton (D:5)
  13 rats
  A butterfly (D:9)
235 creatures vanquished.

Vanquished Creatures (others)
  A fungus (Lair:1)
  4 plants (D:7)
5 creatures vanquished.

Grand Total: 240 creatures vanquished

Notes
Turn   | Place    | Note
-------+----------+-------------------------------------------
     0 | D:1      | phalm the Gargoyle Fighter began the quest for the Orb.
     0 | D:1      | Reached XP level 1. HP: 14/14 MP: 1/1
    61 | D:1      | Reached XP level 2. HP: 17/19 MP: 2/2
   377 | D:1      | Reached XP level 3. HP: 22/23 MP: 3/3
   715 | D:2      | Reached skill level 4 in Shields
   881 | D:2      | Reached XP level 4. HP: 26/28 MP: 4/4
   978 | D:2      | Found a runed translucent door.
   979 | D:2      | Noticed Crazy Yiuf
   992 | D:2      | Killed Crazy Yiuf
  1258 | D:3      | Noticed Robin
  1589 | D:3      | Killed Robin
  1590 | D:3      | Reached XP level 5. HP: 32/33 MP: 5/5
  1663 | D:3      | Reached skill level 1 in Staves
  2833 | D:4      | Reached XP level 6. HP: 19/38 MP: 6/6
  3023 | D:4      | Found an opulent altar of Gozag.
  3097 | D:4      | Reached skill level 5 in Shields
  3595 | D:4      | Reached XP level 7. HP: 44/44 MP: 7/7
  3719 | D:5      | Entered Level 5 of the Dungeon
  3721 | D:5      | Found Karytuo's Assorted Antiques.
  3854 | D:5      | Noticed Pikel
  3867 | D:5      | Killed Pikel
  3868 | D:5      | Reached skill level 5 in Fighting
  3868 | D:5      | Reached skill level 5 in Armour
  3868 | D:5      | Reached skill level 6 in Shields
  3868 | D:5      | Reached XP level 8. HP: 34/49 MP: 8/8
  4071 | D:5      | Reached skill level 7 in Shields
  4116 | D:5      | Reached skill level 5 in Staves
  4177 | D:5      | Found a shimmering blue altar of Sif Muna.
  4310 | D:5      | Found Giojoxze's Armour Emporium.
  4331 | D:5      | Found a staircase to the Ecumenical Temple.
  4350 | Temple   | Entered the Ecumenical Temple
  4492 | D:5      | Noticed Ijyb
  4502 | D:5      | Killed Ijyb
  4614 | D:5      | Noticed Grinder
  4624 | D:5      | Killed Grinder
  4627 | D:5      | Found a hazy altar of Hepliaklqana.
  4873 | D:6      | Reached XP level 9. HP: 55/55 MP: 9/9
  5006 | D:6      | Reached skill level 8 in Shields
  5051 | D:6      | Found a glowing golden altar of the Shining One.
  5881 | D:7      | Noticed Duvessa
  5883 | D:7      | Noticed Dowan
  5889 | D:7      | Killed Duvessa
  5904 | D:7      | Killed Dowan
  6027 | D:7      | Reached skill level 9 in Shields
  6330 | D:7      | Found an ornate altar of the Wu Jian Council.
  6357 | D:8      | Found a white marble altar of Elyvilon.
  6398 | D:8      | Found a bloodstained altar of Trog.
  6411 | D:8      | Reached XP level 10. HP: 58/61 MP: 10/10
  6531 | D:8      | Noticed Grum
  6547 | D:8      | Killed Grum
  6721 | D:8      | Got a smoking helmet
  6732 | D:8      | Identified the +3 helmet of the Silversmith {rN+} (You
                  | found it on level 8 of the Dungeon)
  6899 | D:8      | Found Kedoy's Distillery.
  6924 | D:8      | Found a basalt altar of Yredelemnul.
  6976 | D:8      | Found an iron altar of Okawaru.
  6985 | D:8      | Became a worshipper of Warmaster Okawaru
  7050 | D:8      | Noticed a green ugly thing
  7051 | D:8      | Noticed a brown ugly thing
  7057 | D:8      | Killed a brown ugly thing
  7068 | D:8      | Killed a brown ugly thing
  7069 | D:8      | Reached skill level 1 in Invocations
  7069 | D:8      | Reached * piety under Okawaru
  7070 | D:8      | Reached skill level 10 in Shields
  7384 | D:9      | Found a hide-covered altar of Uskayaw.
  7394 | D:9      | Noticed Joseph
  7405 | D:9      | Killed Joseph
  7460 | D:9      | Noticed Erolcha
  7472 | D:9      | Killed Erolcha
  7472 | D:9      | Reached ** piety under Okawaru
  7547 | D:9      | Found a staircase to the Lair.
  7743 | D:9      | Found a runed translucent door.
  7752 | D:9      | Found a runed translucent door.
  7864 | D:9      | Noticed a two-headed ogre
  7871 | D:9      | Killed a two-headed ogre
  7872 | D:9      | Reached XP level 11. HP: 68/68 MP: 13/13
  8040 | D:9      | Found a shadowy altar of Dithmenos.
  8538 | D:10     | Entered Level 10 of the Dungeon
  8701 | D:10     | Found Paeseff's Book Boutique.
  8816 | D:10     | Noticed Sonja
  8820 | D:10     | Killed Sonja
  8820 | D:10     | Reached *** piety under Okawaru
  8821 | D:10     | Reached skill level 11 in Shields
  9275 | D:10     | Noticed a boulder beetle
  9292 | D:10     | Killed a boulder beetle
  9292 | D:10     | Reached **** piety under Okawaru
  9574 | D:9      | Gained mutation: You are clumsy. (Dex -2) [potion of
                  | mutation]
  9574 | D:9      | Gained mutation: You evolve. [potion of mutation]
  9575 | D:9      | Lost mutation: You are clumsy. (Dex -2) [potion of
                  | mutation]
  9575 | D:9      | Gained mutation: Your body sometimes deteriorates upon
                  | taking damage. [potion of mutation]
  9575 | D:9      | Gained mutation: Your natural rate of healing is unusually
                  | fast. [potion of mutation]
  9575 | D:9      | Gained mutation: You are strong-willed. (Will+) [potion of
                  | mutation]
  9576 | D:9      | Lost mutation: Your body sometimes deteriorates upon taking
                  | damage. [potion of mutation]
  9576 | D:9      | Lost mutation: You are strong-willed. (Will+) [potion of
                  | mutation]
  9576 | D:9      | Lost mutation: You evolve. [potion of mutation]
  9576 | D:9      | Lost mutation: Your natural rate of healing is unusually
                  | fast. [potion of mutation]
  9576 | D:9      | Gained mutation: You are frail. (-10% HP) [potion of
                  | mutation]
  9576 | D:9      | Gained mutation: You expend magic power (3 MP) to
                  | strengthen your wands. [potion of mutation]
  9576 | D:9      | Gained mutation: You are weak. (Str -2) [potion of
                  | mutation]
  9576 | D:9      | Gained mutation: You have a beak for a mouth. [potion of
                  | mutation]
  9648 | Lair:1   | Entered Level 1 of the Lair of Beasts
  9670 | Lair:1   | HP: 2/62 [water moccasin (2)]
  9674 | Lair:1   | Slain by a cane toad

Illustrated notes

Levels and vault maps discovered:
D:1:      minmay_arrival_three_doors, layout_rooms
D:2:      layout_rooms, uniq_crazy_yiuf_cottage
D:3:      layout_basic, uniq_robin
D:4:      layout_basic, kennysheep_little_box
D:5:      layout_rooms, lemuel_crystal_altar, nzn_hepliaklqana_mist_gate,
          minmay_temple_entry_statues_fountains, serial_shops, shop,
          nicolae_shop_crystal, kennysheep_generic_room_16, uniq_grinder,
          uniq_ijyb, uniq_pikel
D:6:      layout_cave_pools, tso_metal_star
D:7:      layout_cave_pools, lemuel_coloured_pillars_altar, serial_bayou_pond_c,
          minmay_strange_pillars, uniq_duvessa
D:8:      layout_loops_ring, trog_ov_bears_minmay, old_standard_altar,
          elyvilon_altar_5, lemuel_round_altar, serial_shops,
          nicolae_shop_statue_plus, minmay_manual_mandibuliform, uniq_grum
D:9:      lemuel_insect_pit, layout_rooms, grunt_dithmenos_shadows,
          lair_entry_dummy, serial_curves, eino_curves_04, eino_curves_03,
          basic_altar, bh_circular_ruins, uniq_erolcha, uniq_joseph
D:10:     layout_stronghold, serial_shops, shop_fountains, grunt_ministairs_6,
          uniq_sonja
Temple:   hc_temple_tempest_star
Lair:1:   minmay_guarded_unrand_snakebite, layout_regular_city, basic_altar

Skill      XL: |  1  2  3  4  5  6  7  8  9 10 11 |
---------------+----------------------------------+-----
Shields        | 4 5 6 7 9 10 11 | 11.4
Maces & Flails | 3 |  3.2
Staves         | 1 3 4 5 7 9 |  9.8
Armour         | 4 5 6 7 8 |  8.5
Fighting       | 4 5 6 8 |  8.5
Invocations    | 3 4 |  4.4

Action                   |  1- 3 |  4- 6 |  7- 9 | 10-12 || total
-------------------------+-------+-------+-------+-------++-------
Melee: Flail             |   162 |    16 |       |       ||   178
       Quarterstaff      |       |   139 |   258 |   348 ||   745
       Peck              |       |       |       |     3 ||     3
Evoke: Wand              |       |       |       |     4 ||     4
  Use: Potion            |     1 |       |       |     3 ||     4
       Scroll            |       |       |       |    10 ||    10
 Stab: Paralysed         |       |     1 |     3 |     4 ||     8
       Petrified         |       |     1 |       |       ||     1
       Confused          |       |       |       |     2 ||     2
Armor: Scale mail        |    92 |    76 |       |       ||   168
       Chain mail        |       |    28 |   260 |   230 ||   518
Dodge: Dodged            |    55 |   108 |   157 |   119 ||   439
Block: Kite shield       |    95 |     8 |       |       ||   103
